 Dungeon Crawl Stone Soup version 0.30-a0-870-gc5d4c5acee (webtiles) character file.

Game seed: 4235724156009738464

51477 BlueFish the Covert (level 14, -36/82 HPs)
             Began as a Vampire Enchanter on Mar 11, 2023.
             Was a High Priest of Dithmenos.
             Annihilated by a reaper
             ... wielding a +4 scythe of freezing
              (40 damage)
             ... in an ice cave.
             The game lasted 01:09:03 (19047 turns).

BlueFish the Covert (Vampire Enchanter)            Turns: 19047, Time: 01:09:04

Health: -36/82     AC:  9    Str:  7    XL:     14   Next: 23%
Magic:  24/25      EV: 24    Int: 24    God:    Dithmenos [*****.]
Gold:   568        SH:  7    Dex: 24    Spells: 17/28 levels left

rFire   . . .      SeeInvis +    w - +3 short sword (vamp)
rCold   + + .      Faith    +    h - +0 buckler
rNeg    + + +      Spirit   .    b - +0 robe
rPois   ∞          Reflect  .    x - +2 helmet {Int+3}
rElec   +          Rampage  .    (no cloak)
rCorr   .                        Q - +0 pair of gloves of the Gastropod {rElec Int+3 Dex+3}
Will    +....                    L - +1 pair of boots {Fly} Stlth ****++++++
                                 T - amulet "Naisav" {Faith Regen+ Dex+2}
HPRegen 0.00/turn                l - +5 ring of evasion
MPRegen 0.19/turn                s - ring of positive energy

@: flying, bloodless, inhibited regen, wreathed by umbra
A: bloodless, fangs 3, see invisible, vampiric 2
a: Bat Form, Revivify, Renounce Religion, Shadow Step, Shadow Form


You were in an ice cave.
You worshipped Dithmenos.
Dithmenos was extremely pleased with you.
You visited 3 branches of the dungeon, and saw 18 of its levels.
You also visited: Ice Cave.

You collected 1034 gold pieces.
You spent 466 gold pieces at shops.

Inventory:

Hand Weapons
 a - a +1 dagger of chaos
 w - a +3 vampiric short sword (weapon)
 E - the +2 long sword of the Uplifting King {spect, Will+ Dex+4}
   (You found it on level 2 of the Lair of Beasts)

   Dex:       It affects your dexterity (+4).
   Will:      It increases your willpower.
 N - a +2 scimitar of flaming
Missiles
 o - 26 poisoned darts (quivered)
 I - 5 boomerangs
 M - 4 javelins
Armour
 b - a +0 robe (worn)
 h - a +0 buckler (worn)
 x - a +2 helmet of intelligence (worn)
 L - a +1 pair of boots of flying (worn)
 O - a +0 troll leather armour
 Q - the +0 pair of gloves of the Gastropod (worn) {rElec Int+3 Dex+3}
   (You bought it in a shop on level 10 of the Dungeon)

   Int:       It affects your intelligence (+3).
   Dex:       It affects your dexterity (+3).
   rElec:     It insulates you from electricity.
Jewellery
 l - a +5 ring of evasion (left hand)
 p - the ring "Peilop" {rF- Int+6 Dex+8}
   (You found it on level 5 of the Lair of Beasts)

   [ring of intelligence]

   Int:       It affects your intelligence (+6).
   Dex:       It affects your dexterity (+8).
   rF:        It makes you vulnerable to fire.
 s - a ring of positive energy (right hand)
 G - an amulet of reflection
 J - a ring of wizardry
 R - the amulet "Ihoid" {Acrobat rF++}
   (You took it off a meliai on level 11 of the Dungeon)

   [amulet of the acrobat]

   It increases your evasion while moving and waiting.
   rF:        It greatly protects you from fire.
 T - the amulet "Naisav" (around neck) {Faith Regen+ Dex+2}
   (You found it on level 11 of the Dungeon)

   [amulet of faith]

   It allows you to gain divine favour quickly.
   Dex:       It affects your dexterity (+2).
   Regen:     It increases your rate of health regeneration.
Wands
 i - a wand of mindburst (16)
 k - a wand of flame (30)
 z - a wand of iceblast (18)
 A - a wand of charming (15)
 H - a wand of quicksilver (13)
 P - a wand of polymorph (4)
Scrolls
 f - 5 scrolls of immolation
 j - 3 scrolls of vulnerability
 m - a scroll of summoning
 r - a scroll of blinking
 t - 4 scrolls of teleportation
 u - 3 scrolls of magic mapping
 y - a scroll of enchant armour {unknown}
 C - a scroll of poison
 K - 2 scrolls of enchant weapon
 S - a scroll of brand weapon
 U - a scroll of fog {unknown}
 V - a scroll of identify
Potions
 c - 2 potions of invisibility
 d - a potion of magic
 e - 9 potions of curing
 g - 6 potions of brilliance
 n - a potion of haste
 q - 3 potions of heal wounds
 v - a potion of lignification
 B - 4 potions of flight
 D - a potion of attraction {unknown}
 F - 3 potions of cancellation


   Skills:
 + Level 7.4 Fighting
 + Level 9.0 Short Blades
 + Level 5.3 Throwing
 + Level 6.7 Armour
 + Level 9.1 Dodging
 + Level 13.3 Stealth
 + Level 7.2 Shields
 + Level 7.8 Spellcasting
 + Level 12.3 Hexes
 + Level 5.9 Invocations
 + Level 5.8 Evocations


You had 17 spell levels left.
You knew the following spells:

 Your Spells              Type           Power      Damage    Failure   Level
a - Ensorcelled Hibernat  Hex/Ice        76%        N/A       1%          2
b - Confusing Touch       Hex            62%        N/A       1%          3
c - Tukima's Dance        Hex            62%        N/A       1%          3
d - Dazzling Flash        Conj/Hex       76%        N/A       1%          3

Your spell library contained the following spells:

 Spells                   Type           Power      Damage    Failure   Level
 Fulminant Prism          Conj/Hex       19%        3d10      6%          4
 Kiss of Death            Conj/Necr      36%        2d8       9%          1
 Lesser Beckoning         Tloc           18%        N/A       12%         2
 Passwall                 Tmut/Erth      7%         N/A       12%         2
 Scorch                   Fire           18%        2d5       12%         2
 Summon Mana Viper        Hex/Summ       38%        N/A       19%         5
 Gell's Gravitas          Tloc           9%         N/A       24%         3
 Kindle Blastsparks       Fire/Tloc/Air  18%        2d11      24%         3
 Swiftness                Air            9%         N/A       24%         3
 Teleport Other           Tloc           9%         N/A       24%         3
 Dispel Undead            Necr           9%         3d8       63%         4
 Flame Wave               Conj/Fire      9%         2d6       63%         4
 Iskenderun's Mystic Bla  Conj/Tloc      9%         2d4       63%         4
 Lee's Rapid Deconstruct  Erth           4%         3d5*      92%         5
 Summon Forest            Summ/Tloc      4%         N/A       92%         5
 Discord                  Hex            31%        N/A       98%         8
 Conjure Ball Lightning   Conj/Air       4%         3x3d6     100%        6
 Summon Cactus Giant      Summ           4%         N/A       100%        6
 Disjunction              Tloc           4%         N/A       100%        8
 Chain Lightning          Conj/Air       4%         3d6       100%        9
 Fire Storm               Conj/Fire      4%         8d1       100%        9
 Shatter                  Erth           4%         3d8*      100%        9


Dungeon Overview and Level Annotations

Branches:
Dungeon (12/15)            Temple (1/1) D:4            Lair (5/5) D:11
 Shoals (0/4) Lair:2        Snake (0/4) Lair:2        Slime (0/5) Lair:4
    Orc (0/2) D:12          IceCv (1/1)

Altars:
Ashenzari
Cheibriados
Dithmenos
Fedhas
Kikubaaqudgha
Makhleb
Nemelex Xobeh
Okawaru
Ru
Trog
Wu Jian
Yredelemnul
Jiyva

Shops:
D:3 (?*   D:4 :   D:5 [   D:10 [

Annotations:
IceCv exclusion: 2 ice statues


Innate Abilities, Weirdness & Mutations

You do not regenerate when monsters are visible.
You are frail without blood (-20% HP).
You can heal yourself when you bite living creatures.
You are immune to poison.
You have razor-sharp teeth.
You have supernaturally acute eyesight. (SInv)
You are afflicted with vampirism and can become a bat while bloodless.


Message History

You hit the ice devil but do no damage.
The ice devil appears confused.
The ice devil is lightly wounded.
The harpy simulacrum misses you. The harpy simulacrum barely misses you.
The harpy simulacrum attacks as you move away!
The harpy simulacrum completely misses you.
The harpy simulacrum misses you.
The harpy simulacrum completely misses you.
The harpy simulacrum claws you but does no damage.
The harpy simulacrum misses you.
You block the harpy simulacrum's attack.
You block the harpy simulacrum's attack.
The harpy simulacrum misses you.
The death yak simulacrum completely misses you.
The harpy simulacrum misses you. x2
You see here a +2 pair of gloves.
The harpy simulacrum claws you. The harpy simulacrum freezes you. You resist.
You block the harpy simulacrum's attack.
The harpy simulacrum misses you. x2
The ice devil hits the death yak simulacrum.
The ice devil freezes the death yak simulacrum.
The death yak simulacrum completely resists.
The harpy simulacrum completely misses you.
The harpy simulacrum closely misses you.
You see here a +5 battleaxe of freezing.
The harpy simulacrum claws you but does no damage.
You block the harpy simulacrum's attack.
The harpy simulacrum closely misses you.
The harpy simulacrum misses you. The harpy simulacrum misses you.
The harpy simulacrum barely misses you. x2
You block the harpy simulacrum's attack.
The reaper hits you with a +4 scythe of freezing!!
You emit a cloud of dark smoke.
The reaper freezes you.
* * * LOW HITPOINT WARNING * * *
The reaper attacks as you move away!
The reaper hits you with a +4 scythe of freezing!!
* * * LOW HITPOINT WARNING * * *
You emit a cloud of dark smoke.
The harpy simulacrum barely misses you. The harpy simulacrum misses you.
The reaper hits you from afar with a +4 scythe of freezing!!!
You die...

#...##..##.##..####
##..#...☼#.°#§§#..##
#Z##.#.....§☼☼#...##
#.#5.##°☼#§#☼......#
4....
#°.###...##..##
..........#
#..###...#
###...#☼§§#
##.#.##..# ....#§☼§#
##§...#..# ...#§☼☼#
#§Z4@##..# .###§4☼§
#§2Z§# .## #[§§## .#
##).# ## ####


You could see a reaper, an ice devil (confused), a death yak simulacrum and a
harpy simulacrum.

Vanquished Creatures
  Snorg (Lair:5)
  3 catoblepae
  4 hydras
  2 boulder beetles (D:11)
  5 death yaks
  2 skysharks
  A tengu warrior (D:11)
  A fire crab (Lair:3)
  A death drake (shapeshifter) (D:11)
  A lindwurm (Lair:5)
  An orc knight (D:11)
  2 cyclopes (D:11)
  3 ugly things (D:11)
  9 elephants (Lair:1)
  2 manticores (Lair:5)
  3 black mambas
  16 cane toads
  A gargoyle (D:11)
  5 rime drakes
  5 komodo dragons
  An unseen horror (D:6)
  A kobold demonologist (D:11)
  3 ice devils (IceCv)
  3 trolls
  A meliai (D:11)
  A hornet (D:9)
  4 polar bears
  5 dream sheep (Lair:4)
  8 blink frogs
  A shadow (D:9)
  2 wyverns
  A centaur simulacrum (D:12)
  4 wraiths (D:11)
  Eustachio (D:6)
  46 yaks
  4 basilisks
  A steam dragon (D:9)
  2 vampire mosquitoes (D:12)
  Menkaure (D:4)
  3 wargs (D:11)
  A death yak simulacrum (IceCv)
  A harpy simulacrum (IceCv)
  3 acid dragons
  16 water moccasins
  A hydra simulacrum (IceCv)
  An orc warrior (D:9)
  3 ice beasts
  2 black bears
  12 wolves
  An ogre (D:6)
  11 centaurs
  A phantom (D:5)
  A kobold brigand (D:8)
  13 bullfrogs
  4 scorpions
  A two-headed ogre simulacrum (IceCv)
  4 wights
  17 killer bees
  4 electric eels
  3 howler monkeys
  2 hounds
  A jelly (D:4)
  A gnoll bouda (D:5)
  3 orc priests
  6 iguanas
  4 orc wizards
  A troll simulacrum (IceCv)
  3 spriggan simulacra (IceCv)
  8 gnolls
  2 naga simulacra (IceCv)
  8 adders
  A shadow imp (D:5)
  A howler monkey simulacrum (D:11)
  2 white imps (IceCv)
  An ufetubus (IceCv)
  A worm (D:5)
  A dart slug (D:3)
  11 orcs
  7 endoplasms
  A giant cockroach (D:2)
  2 hobgoblins (D:2)
  4 jackals (D:4)
  13 kobolds
  4 quokkas
  4 ball pythons
  2 bats (D:1)
  2 frilled lizards
  8 goblins
  7 rats
372 creatures vanquished.

Vanquished Creatures (collateral kills)
  2 two-headed ogres
  Erica (D:9)
  A dream sheep (Lair:4)
  2 ogres (D:6)
  2 wights (D:8)
  An orc (D:10)
9 creatures vanquished.

Vanquished Creatures (others)
  An unseen horror (D:11)
  5 dancing weapons
  25 fungi
  58 plants
89 creatures vanquished.

Grand Total: 470 creatures vanquished

Notes
Turn   | Place    | Note
-------+----------+-------------------------------------------
     0 | D:1      | BlueFish the Vampire Enchanter began the quest for the Orb.
     0 | D:1      | Reached XP level 1. HP: 13/13 MP: 3/3
   138 | D:1      | Found a faded altar of an unknown god.
   188 | D:1      | Reached XP level 2. HP: 19/19 MP: 5/5
   191 | D:1      | Learned a level 2 spell: Ensorcelled Hibernation
  1080 | D:2      | Gained mutation: You are afflicted with vampirism and can
                  | become a bat while bloodless. [Vampire growth]
  1080 | D:2      | Reached XP level 3. HP: 23/25 MP: 3/6
  1191 | D:2      | Reached XP level 4. HP: 31/31 MP: 4/7
  1226 | D:2      | Reached skill level 1 in Fighting
  1512 | D:3      | Found Guanoev's Antique Weapon Emporium.
  1657 | D:3      | Found Lawnoiq's Magic Scroll Shop.
  1740 | D:3      | Found Lieg's General Store.
  1915 | D:3      | Reached skill level 5 in Stealth
  2417 | D:4      | Found Opnuss's Book Shop.
  2449 | D:4      | Reached skill level 1 in Armour
  2449 | D:4      | Reached skill level 5 in Hexes
  2492 | D:4      | Noticed Menkaure
  2501 | D:4      | Killed Menkaure
  2502 | D:4      | Reached skill level 1 in Shields
  2502 | D:4      | Reached XP level 5. HP: 38/38 MP: 7/9
  2507 | D:4      | Learned a level 3 spell: Confusing Touch
  2511 | D:4      | Learned a level 3 spell: Tukima's Dance
  2544 | D:4      | Reached XP level 6. HP: 41/44 MP: 10/10
  2600 | D:4      | Found a staircase to the Ecumenical Temple.
  2608 | Temple   | Entered the Ecumenical Temple
  2727 | Temple   | Became a worshipper of Dithmenos the Shadowed
  2839 | D:4      | HP: 2/44 [acid (5)]
  3428 | D:5      | Entered Level 5 of the Dungeon
  3563 | D:5      | Reached skill level 6 in Stealth
  3563 | D:5      | Reached XP level 7. HP: 50/50 MP: 11/11
  3602 | D:5      | Identified the +10 mace of Grim Forgiveness {drain, rPois
                  | rCorr}
  3817 | D:5      | Found Aluan's Armour Boutique.
  4575 | D:6      | Noticed an unseen horror
  4581 | D:6      | Killed an unseen horror
  4582 | D:6      | Reached XP level 8. HP: 51/58 MP: 10/13
  4610 | D:6      | Reached * piety under Dithmenos
  4611 | D:6      | Reached skill level 7 in Stealth
  4698 | D:6      | Noticed Eustachio
  4717 | D:6      | Killed Eustachio
  5195 | D:6      | Reached skill level 5 in Dodging
  5254 | D:6      | Found an iron altar of Okawaru.
  5254 | D:6      | Found a basalt altar of Yredelemnul.
  5255 | D:6      | Found an ornate altar of the Wu Jian Council.
  5256 | D:6      | Found a burning altar of Makhleb.
  5257 | D:6      | Found a broken altar of Ashenzari.
  5257 | D:6      | Found a sparkling altar of Nemelex Xobeh.
  5258 | D:6      | Found a blossoming altar of Fedhas.
  5258 | D:6      | Found an ancient bone altar of Kikubaaqudgha.
  5259 | D:6      | Found a bloodstained altar of Trog.
  5260 | D:6      | Found a snail-covered altar of Cheibriados.
  5260 | D:6      | Found a sacrificial altar of Ru.
  5554 | D:7      | Reached XP level 9. HP: 65/65 MP: 8/15
  5699 | D:7      | Reached skill level 8 in Stealth
  5798 | D:7      | Identified the amulet of Koinliky {Spirit Str+3}
  6515 | D:8      | Reached skill level 5 in Short Blades
  6778 | D:8      | Learned a level 3 spell: Dazzling Flash
  7663 | D:9      | Reached skill level 1 in Invocations
  7663 | D:9      | Reached skill level 1 in Evocations
  7726 | D:9      | Reached skill level 1 in Throwing
  7734 | D:9      | Reached skill level 9 in Stealth
  7734 | D:9      | Reached XP level 10. HP: 73/73 MP: 7/17
  7736 | D:9      | Reached ** piety under Dithmenos
  7890 | D:9      | Reached skill level 5 in Spellcasting
  8013 | D:9      | Noticed Erica
  8028 | D:9      | Killed Erica
  8182 | D:9      | Noticed a two-headed ogre
  8191 | D:9      | Killed a two-headed ogre
  8488 | D:10     | Entered Level 10 of the Dungeon
  8532 | D:9      | Reached skill level 5 in Fighting
  8923 | D:10     | Found Vani's Armour Shoppe.
  8931 | D:10     | Bought the +0 pair of gloves of the Gastropod {rElec Int+3
                  | Dex+3} for 466 gold pieces
  9155 | D:10     | Reached XP level 11. HP: 79/79 MP: 16/19
  9454 | D:11     | Reached skill level 10 in Stealth
  9537 | D:11     | Noticed a boulder beetle
  9538 | D:11     | Found a staircase to the Lair.
  9540 | D:11     | Noticed a two-headed ogre
  9561 | D:11     | Reached skill level 5 in Shields
  9589 | D:11     | Killed a two-headed ogre
  9792 | D:11     | Killed a boulder beetle
 10068 | D:11     | Noticed a cyan ugly thing
 10088 | D:11     | Killed a cyan ugly thing
 10416 | D:11     | Noticed a tengu warrior
 10443 | D:11     | Identified the amulet "Ihoid" {Acrobat rF++}
 10464 | D:11     | Noticed an orc knight
 10465 | D:11     | Reached skill level 5 in Armour
 10475 | D:11     | Reached *** piety under Dithmenos
 10477 | D:11     | Killed a tengu warrior
 10478 | D:11     | Reached skill level 10 in Hexes
 10485 | D:11     | Noticed a boulder beetle
 10495 | D:11     | Killed an orc knight
 10666 | D:11     | Noticed a white ugly thing
 10668 | D:11     | Noticed a red ugly thing
 10716 | D:11     | Killed a boulder beetle
 10717 | D:11     | Reached skill level 11 in Stealth
 10729 | D:11     | Killed a white ugly thing
 10736 | D:11     | Killed a white ugly thing
 10799 | D:11     | Noticed a death drake
 10810 | D:11     | Killed a death drake
 10811 | D:11     | Reached XP level 12. HP: 87/87 MP: 18/21
 10892 | D:11     | Identified the amulet "Ebu Vitiski" {Acrobat Harm Rampage
                  | Int+2 Dex+4}
 10895 | D:11     | Identified the amulet "Naisav" {Faith Regen+ Dex+2}
 10914 | D:11     | Identified the amulet "Cuasai" {Spirit Rampage Dex+2}
 11039 | Lair:1   | Entered Level 1 of the Lair of Beasts
 12387 | Lair:2   | Found a staircase to the Snake Pit.
 12405 | Lair:2   | Found a staircase to the Shoals.
 12458 | Lair:2   | Noticed a six-headed hydra
 12475 | Lair:2   | Killed a one-headed hydra
 12532 | Lair:2   | Reached **** piety under Dithmenos
 12718 | Lair:2   | Reached skill level 12 in Stealth
 12719 | Lair:2   | Identified the +1 shortbow "Voukkuif" {flame, rElec rF+++
                  | rC- Int-3}
 12721 | Lair:2   | Identified the +2 long sword of the Uplifting King {spect,
                  | Will+ Dex+4}
 13724 | Lair:3   | Reached XP level 13. HP: 78/94 MP: 20/23
 13899 | Lair:3   | Reached skill level 5 in Invocations
 15012 | Lair:4   | Reached skill level 5 in Evocations
 15019 | Lair:4   | Reached ***** piety under Dithmenos
 15321 | Lair:4   | Found a staircase to the Slime Pits.
 15322 | Lair:4   | Found a viscous altar of Jiyva.
 15927 | Lair:5   | Entered Level 5 of the Lair of Beasts
 15927 | Lair:5   | Found a burning altar of Makhleb.
 16302 | Lair:5   | Noticed Snorg
 16334 | Lair:4   | Reached skill level 5 in Throwing
 16573 | Lair:4   | Reached skill level 13 in Stealth
 16977 | Lair:5   | Killed Snorg
 17810 | Lair:4   | Reached XP level 14. HP: 87/103 MP: 21/25
 18252 | Lair:5   | Identified the ring "Peilop" {rF- Int+6 Dex+8}
 18683 | D:12     | Found a frozen archway.
 18691 | IceCv    | Entered an ice cave
 18964 | IceCv    | Noticed a reaper
 19047 | IceCv    | HP: 4/82 [reaper/+4 scythe of freezing (20)]
 19047 | IceCv    | Annihilated by a reaper

Illustrated notes

Levels and vault maps discovered:
D:1:      reono_arrival_mine, layout_loops_corners,
          dreamdust_ecumenical_altar_grove
D:2:      layout_rooms
D:3:      layout_loops_corners, serial_shops, nicolae_shop_crystal, shop,
          nicolae_shop_waterfront
D:4:      layout_loops_ring, minmay_temple_entry_gardened_gates, serial_shops,
          shop, amcnicky_mini_pool_small, uniq_menkaure
D:5:      layout_loops_ring, serial_shops, nicolae_square_shop,
          chequers_serial_rivers_small_b, hangedman_decor_opposing,
          hangedman_decor_riveting, hangedman_decor_push
D:6:      layout_basic, nicolae_overflows_in_rows, uniq_eustachio
D:7:      layout_cave_pods
D:8:      layout_basic, serial_corexii_hall, corexii_hall_statues_l,
          chequers_hall_statues_wall_a, corexii_hall_statues_deadend,
          serial_bayou_lagoon_a
D:9:      layout_roguey, uniq_erica
D:10:     layout_roguey, serial_shops, shop, solitary_fountain,
          statue_in_the_mist_lemuel, kennysheep_generic_room_10
D:11:     minmay_the_grid_triangle_9x9_recursive_3_mashed
          [minmay_the_grid_triangle_9x9_empty,
          minmay_the_grid_triangle_9x9_empty,
          minmay_the_grid_triangle_9x9_thin_v,
          minmay_the_grid_triangle_9x9_prize_special,
          minmay_the_grid_triangle_9x9_corrupted_corridor,
          minmay_the_grid_triangle_9x9_zippers_vertical,
          minmay_the_grid_triangle_9x9_corruption,
          minmay_the_grid_triangle_9x9_dagger,
          minmay_the_grid_triangle_9x9_alien], layout_layer_cave,
          erik_lair_orcish_takeover
D:12:     layout_gridville, erik_orc_3, serial_ice, serial_ice_n, serial_ice_d,
          serial_ice_k, serial_ice_c, serial_ice_f, serial_ice_h, serial_ice_m,
          serial_ice_a, portal_ice_cave_rime
Temple:   grunt_temple_mini_profane
Lair:1:   layout_loops_ring, grunt_megastairs_1
Lair:2:   nzn_winding_woodlands_stair_trap [nzn_winding_woodlands_5x15_twine,
          nzn_winding_woodlands_5x15_parted,
          nzn_winding_woodlands_5x15_longhouse,
          nzn_winding_woodlands_15x15_eel_pit,
          nzn_winding_woodlands_5x15_crooked,
          nzn_winding_woodlands_5x15_river_crossing,
          nzn_winding_woodlands_5x15_zeroes], layout_chaotic_city,
          shoals_dummy_entry, dummy_snake_entry
Lair:3:   layout_regular_city, beast_lair_carwin_5, infiniplex_staircase_pool
Lair:4:   layout_regular_city, slime_entry_1
Lair:5:   evilmike_catoblepas_cave, layout_regular_city, basic_altar,
          lemuel_fruit_tree, serial_bayou_shore_b, uniq_snorg
IceCv:    ice_cave_small_demon

Skill      XL: |  1  2  3  4  5  6  7  8  9 10 11 12 13 14 |
---------------+-------------------------------------------+-----
Fighting       | 1 2 3 4 5 6 7 |  7.4
Stealth        | 5 6 7 9 11 12 13 | 13.3
Short Blades   | 2 3 4 5 6 7 8 9 |  9.0
Armour         | 1 2 3 4 5 6 |  6.7
Hexes          | 5 6 7 8 9 10 11 12 | 12.3
Dodging        | 3 4 5 6 7 8 9 |  9.1
Shields        | 1 2 3 4 5 6 7 |  7.2
Spellcasting   | 3 4 5 6 7 |  7.8
Invocations    | 1 2 3 4 5 |  5.9
Evocations     | 1 2 3 4 5 |  5.8
Throwing       | 1 2 3 4 5 |  5.3

Action                     |  1- 3 |  4- 6 |  7- 9 | 10-12 | 13-15 || total
---------------------------+-------+-------+-------+-------+-------++-------
  Melee: Dagger            |    79 |    89 |       |       |       ||   168
         Bite              |     3 |    20 |    29 |   122 |   112 ||   286
         Short sword       |       |    30 |   292 |   703 |   527 ||  1552
         Scimitar          |       |       |       |     6 |    17 ||    23
  Throw: Dart              |       |       |       |       |     6 ||     6
   Cast: Ensorcelled Hiber |     3 |     7 |    44 |    84 |    63 ||   201
         Confusing Touch   |       |       |     7 |    38 |    52 ||    97
         Tukima's Dance    |       |       |    13 |    17 |       ||    30
         Dazzling Flash    |       |       |       |       |    10 ||    10
Ability: Exsanguinate      |       |       |       |       |     1 ||     1
    Use: Scroll            |       |       |       |    12 |    10 ||    22
   Stab: Sleeping          |    15 |    16 |    42 |    63 |    49 ||   185
         Confused          |       |       |     4 |    62 |    61 ||   127
         Distracted        |       |       |       |     2 |     5 ||     7
         Invisible         |       |       |       |       |    13 ||    13
         Petrified         |       |       |       |       |     1 ||     1
 Armour: Robe              |     4 |    12 |    16 |    59 |    46 ||   137
  Dodge: Dodged            |    37 |    70 |   202 |   488 |   382 ||  1179
  Block: Buckler           |     3 |    16 |    55 |   251 |   122 ||   447
         Reflection        |       |       |     1 |    12 |       ||    13

Table legend: (Time is in decaauts)
 A = Elapsed time spent in this place.
 B = Non-inter-level travel time spent in this place.
 C = Inter-level travel time spent in this place.
 D = Time resting spent in this place.
 E = Time spent auto-exploring this place.
 F = Levels seen in this place.
 G = Mean time per level.
                   A        B        C        D        E       F      G
               +--------+--------+--------+--------+--------+-----+--------+
         Total |  18590 |  17663 |    927 |    527 |  12300 |  19 |  978.4 |
       Dungeon |  10912 |  10526 |    386 |    168 |   7740 |  12 |  909.3 |
        Temple |    140 |    140 |      0 |    100 |     14 |   1 |  140.0 |
          Lair |   7218 |   6678 |    540 |    233 |   4422 |   5 | 1443.6 |
      Ice Cave |    319 |    319 |      0 |     26 |    124 |   1 |  319.0 |
               +--------+--------+--------+--------+--------+-----+--------+

Top non-repeatable levels by time:
  Lair:4: 1812 daAuts
  Lair:5: 1811 daAuts
    D:11: 1759 daAuts
  Lair:3: 1272 daAuts
  Lair:2: 1203 daAuts
     D:8: 1146 daAuts
     D:9: 1120 daAuts
  Lair:1: 1119 daAuts
     D:6: 998 daAuts
     D:5: 990 daAuts
     D:1: 931 daAuts
     D:7: 925 daAuts
     D:4: 894 daAuts
     D:3: 871 daAuts
    D:10: 585 daAuts
